 Dungeon Crawl Stone Soup version 0.31.0-12-g77e489cdc1 (webtiles) character file.

Game seed: 12105118122353292145

51 PriceMaster the Sneak (level 3, -4/18 HPs)
             Began as a Spriggan Enchanter on Mar 3, 2024.
             Slain by a gnoll
             ... wielding a +0 spear
              (10 damage)
             ... on level 2 of the Dungeon.
             The game lasted 00:02:19 (1586 turns).

PriceMaster the Sneak (Spriggan Enchanter)          Turns: 1586, Time: 00:02:19

Health: -4/18      AC:  2    Str:  6    XL:     3   Next: 58%
Magic:  8/8        EV: 17    Int: 16    God:
Gold:   76         SH:  0    Dex: 15    Spells: 8/8 levels left

rFire   . . .        a - +1 dagger
rCold   . . .        (no shield)
rNeg    . . .        b - +0 robe
rPois   .            (helmet restricted)
rElec   .            (no cloak)
rCorr   .            (gloves unavailable)
SInv    +            (boots unavailable)
Will    .....        (no amulet)
Stlth   +++          (no ring)
HPRegen 0.23/turn    (no ring)
MPRegen 0.11/turn

%: no passive effects
@: very quick
A: very small, no large weapons, unfitting armour, see invisible, speed 3
a: no special abilities


You were on level 2 of the Dungeon.
You visited 1 branch of the dungeon, and saw 2 of its levels.

You collected 76 gold pieces.

Inventory:

Hand Weapons
 a - a +1 dagger (weapon)
Armour
 b - a +0 robe (worn)
Jewellery
 h - a ring of fire
Scrolls
 d - a scroll of teleportation {unknown}
 e - 3 scrolls of identify {unknown}
 g - a scroll of amnesia {unknown}
 j - a scroll of noise {unknown}
Potions
 f - 2 potions of degeneration {unknown}
 i - a potion of attraction {unknown}
 k - a potion of mutation {unknown}


   Skills:
 * Level 1.0 Fighting
 * Level 1.6 Short Blades
 + Level 3.0 Dodging
 + Level 5.1 Stealth
 + Level 3.1 Spellcasting
 + Level 4.0 Hexes


You had 8 spell levels left.
You didn't know any spells.
Your spell library contained the following spells:

 Spells                   Type           Power      Damage    Failure   Level
 Confusing Touch          Hex            15%        N/A       11%         3
 Tukima's Dance           Hex            15%        N/A       11%         3
 Ensorcelled Hibernation  Hex/Ice        16%        N/A       12%         2
 Dazzling Flash           Conj/Hex       16%        N/A       24%         3


Dungeon Overview and Level Annotations

Branches:
Dungeon (2/15)

Altars:


Innate Abilities, Weirdness & Mutations

You are very small and have problems with some larger weapons.
You are too small for most types of armour.
You have supernaturally acute eyesight. (SInv)
You cover ground extremely quickly. (Speed+++)


Message History

A gnoll is nearby!
A gnoll is nearby!
The gnoll barely misses you.
You hit the gnoll.
The gnoll is lightly wounded.
The gnoll misses you.
You hit the gnoll but do no damage.
The gnoll is lightly wounded.
You hit the gnoll.
The gnoll is moderately wounded.
The gnoll hits you with a +0 spear.
You barely miss the gnoll.
The gnoll is moderately wounded.
The gnoll closely misses you.
You closely miss the gnoll.
The gnoll is moderately wounded.
The gnoll misses you.
You hit the gnoll.
The gnoll is heavily wounded.
The gnoll hits you with a +0 spear.
You hit the gnoll.
The gnoll is severely wounded.
The gnoll barely misses you.
You hit the gnoll but do no damage.
The gnoll is severely wounded.
The gnoll barely misses you.
You hit the gnoll but do no damage.
The gnoll is severely wounded.
The gnoll misses you.
You hit the gnoll but do no damage.
The gnoll is severely wounded.
The gnoll barely misses you.
You hit the gnoll.
The gnoll is severely wounded.
The gnoll hits you with a +0 spear.
You hit the gnoll.
The gnoll is almost dead.
The gnoll hits you with a +0 spear!
Ouch! That really hurt!
You die...

#.....#..................#.##...
#...............................
#....#...............#######...
.##......###...........#.....#...
.#.[..##...<....g......#._.<.#...
.........###..###......#.....#...
..........#.÷÷....#....#######...
.[.......†...####g.............#
........†.......@...######..####
..^.....)..............###.###
......##.###.)..######.......
[................# #....#.#####
....############.## #....#.##...
....#8###8###8#...####......##.#
.##....h...g....#..............##
. #.......................†......
#.......[.....##.......#.......


You could see a gnoll.

Vanquished Creatures
  2 adders (D:2)
  4 bats
  A giant cockroach (D:1)
  2 goblins
  2 hobgoblins (D:1)
  6 jackals
  8 ball pythons
  A frilled lizard (D:1)
  3 kobolds
  4 rats
33 creatures vanquished.

Notes
Turn   | Place    | Note
-------+----------+-------------------------------------------
     0 | D:1      | PriceMaster the Spriggan Enchanter began the quest for the
                  | Orb.
     0 | D:1      | Reached XP level 1. HP: 9/9 MP: 5/5
   236 | D:1      | Reached XP level 2. HP: 6/13 MP: 6/6
  1007 | D:2      | Found a faded altar of an unknown god.
  1062 | D:2      | Reached skill level 5 in Stealth
  1062 | D:2      | Reached XP level 3. HP: 14/17 MP: 6/8
  1430 | D:2      | Reached skill level 1 in Fighting
  1586 | D:2      | Slain by a gnoll

Illustrated notes

Levels and vault maps discovered:
D:1:      dpeg_arrival_rhombi, layout_loops_corners
D:2:      layout_rooms, nicolae_ecumenical_oubliette, serial_corexii_hall,
          corexii_hall_statues_i, corexii_hall_statues_u,
          corexii_hall_statues_deadend, cheibrodos_gnoll_hut

Skill      XL: |  1  2  3 |
---------------+----------+-----
Stealth        | 5 |  5.1
Spellcasting   | 3 |  3.1
Hexes          | 4 |  4.0
Dodging        | 3 |  3.0
Fighting       | 1 |  1.0
Short Blades   | |  1.6

Action                     || total
---------------------------++-------
  Melee: Dagger            ||   119
    Use: Potion            ||     3
   Stab: Sleeping          ||     8
         Invisible         ||     3
 Armour: Robe              ||    56
  Dodge: Dodged            ||   154
